Map: Central Protocol

Players

LiquidMaNa (MaNa) - Winner!

  • Race: Protoss Protoss
  • League: Grandmaster

PiLiPiLi

  • Race: Protoss Protoss
  • League: Platinum

Event: 2016 WCS Winter Circuit Championship

VOD

Have the link to the VOD?

Description

Time

  • Played on: March 2, 2016, 8:53 a.m.
  • Length: 7:56

All games in this series

Show
View Real Time Build Order
Export as new Build Order

LiquidMaNa Protoss - Winner!

Build Orders:  

Get SALT Encoding   

  12  0:00  Probe (Chrono Boost)  
  13  0:11  Probe (Chrono Boost)  
  14  0:17  Pylon  
  14  0:22  Probe (Chrono Boost)  
  15  0:35  Probe (Chrono Boost)  
  16  0:36  Gateway  
  16  0:45  Probe (Chrono Boost)  
  16  0:47  Assimilator  
  17  0:56  Probe (Chrono Boost)  
  18  1:01  Assimilator  
  18  1:07  Probe (Chrono Boost)  
  18  1:08  Gateway  
  19  1:17  Probe (Chrono Boost)  
  20  1:23  Cybernetics Core  
  20  1:28  Probe (Chrono Boost)  
  21  1:33  Pylon  
  21  1:38  Probe (Chrono Boost)  
  22  1:49  Probe (Chrono Boost)  
  23  1:59  Probe (Chrono Boost)  
  23  2:00  Warp Gate (Chrono Boost)  
  24  2:04  Stalker  
  24  2:06  Stalker  
  28  2:11  Probe  
  29  2:17  Pylon  
  29  2:24  Mothership Core (Chrono Boost)  
  31  2:38  Stalker  
  31  2:39  Stalker  
  35  3:02  Pylon  
  35  3:10  Robotics Facility  
  35  3:15  Stalker x2  
  36  3:27  Probe  
  35  3:53  Adept x2  
  39  3:58  Observer (Chrono Boost)  
  39  4:01  Pylon  
  40  4:15  Sentry  
  42  4:22  Zealot  
  44  4:27  Immortal (Chrono Boost)  
  46  4:35  Probe  
  45  4:49  Adept x2  
  45  5:11  Pylon, Immortal (Chrono Boost)  
  49  5:16  Adept x2  
  51  5:40  Adept x2  
  50  5:54  Probe  
  50  5:58  Warp Prism (Chrono Boost)  
  52  6:08  Adept x2  
  56  6:12  Probe  
  57  6:33  Pylon  
  55  6:51  Nexus  
  55  7:00  Probe  
  56  7:07  Adept  
  56  7:08  Adept  
  54  7:32  Adept x2  
  42  7:53  Adept  
Show
View Real Time Build Order
Export as new Build Order

PiLiPiLi Protoss 

Build Orders:  

Get SALT Encoding   

  12  0:00  Probe (Chrono Boost)  
  13  0:11  Probe (Chrono Boost)  
  14  0:17  Pylon  
  14  0:22  Probe (Chrono Boost)  
  15  0:36  Gateway, Probe (Chrono Boost)  
  16  0:46  Probe (Chrono Boost)  
  16  0:47  Assimilator  
  17  0:51  Assimilator  
  18  0:57  Probe (Chrono Boost)  
  18  1:04  Gateway  
  18  1:08  Probe (Chrono Boost)  
  20  1:18  Probe (Chrono Boost)  
  20  1:23  Cybernetics Core  
  20  1:29  Probe (Chrono Boost)  
  21  1:34  Pylon  
  21  1:39  Probe (Chrono Boost)  
  22  1:50  Probe (Chrono Boost)  
  23  2:00  Warp Gate (Chrono Boost), Adept x2  
  27  2:06  Mothership Core  
  29  2:18  Pylon  
  29  2:29  Stalker (Chrono Boost)  
  31  2:37  Stalker (Chrono Boost)  
  33  2:51  Gateway  
  33  2:54  Pylon  
  33  3:02  Probe  
  33  3:05  Stalker x2  
  33  3:40  Pylon  
  33  3:55  Stalker x3  
  39  3:58  Pylon, Gateway  
  39  4:05  Pylon  
  39  4:13  Probe  
  38  4:18  Stalker x2  
  42  4:25  Probe  
  42  4:34  Stargate  
  43  4:40  Stalker  
  44  4:46  Stalker  
  44  4:47  Stalker  
  46  5:06  Adept x2  
  46  5:07  Adept  
  48  5:14  Stalker  
  48  5:17  Probe (Chrono Boost)  
  49  5:38  Probe (Chrono Boost)  
  49  5:40  Adept x2  
  53  5:50  Probe (Chrono Boost)  
  48  6:01  Probe (Chrono Boost)  
  49  6:12  Nexus  
  49  6:16  Probe (Chrono Boost)  
  50  6:22  Sentry x2  
  54  6:27  Sentry  
  54  6:29  Sentry  
  58  6:37  Pylon  
  58  6:42  Pylon  
  58  6:53  Pylon  
  58  6:56  Pylon  
  58  7:03  Pylon  
  58  7:05  Probe (Chrono Boost)  
  60  7:15  Probe (Chrono Boost)  
  60  7:22  Adept x2  
  62  7:26  Adept  
  28  7:46  Adept  
Tags
 
Add a new tag
Caveats
  • Supply blocks, unpowered buildings, or Contaminate may cause inaccurate times.
  • Supply counts are checked every 10 seconds.